 Dungeon Crawl Stone Soup version 0.17.1-1-g73c8601 (webtiles) character file.

4734 Dickchan the Grappler (level 10, 0/104 HPs)
             Began as a Troll Monk on Dec 14, 2015.
             Was a Believer of Qazlal.
             Slain by a sky beast (5 damage)
             ... on level 10 of the Dungeon.
             The game lasted 00:17:56 (8276 turns).

Dickchan the Grappler (Troll Monk)                  Turns: 8276, Time: 00:17:56

Health: 0/104      AC:  6    Str: 24    XL:     10   Next: 22%
Magic:  9/9        EV:  5    Int:  6    God:    Qazlal [**....]
Gold:   584        SH:  2    Dex: 12    Spells: 0 memorised, 9 levels left

rFire  . . .     SeeInvis .       - Unarmed
rCold  . . .     Clarity  +     a - +1 robe
rNeg   . . .     SustAt   .     (no shield)
rPois  .         Gourm    +     (helmet restricted)
rElec  .         Spirit   .     (no cloak)
rCorr  .         Warding  .     (gloves unavailable)
rMut   .         Stasis   .     (boots unavailable)
MR     .....                    o - amulet of clarity
Stlth  ++........               (no ring)
                                s - ring of stealth

@: lethally poisoned (0 -> -40), slowed, very slow, not resistant to hostile
enchantments, unstealthy
A: unfitting armour, claws 3, fast metabolism 3, gourmand, regeneration 2,
shaggy fur 1, tough skin 2
a: Upheaval, Renounce Religion


You were on level 10 of the Dungeon.
You worshipped Qazlal.
Qazlal was pleased with you.
You were not hungry.

You visited 2 branches of the dungeon, and saw 11 of its levels.

You collected 584 gold pieces.

Inventory:

Armour
 a - a +1 robe (worn)
Jewellery
 o - an amulet of clarity (around neck)
 s - a ring of stealth (left claw)
Wands
 I - a wand of frost (12)
 L - a wand of fire (4)
 M - a wand of magic darts (24)
Scrolls
 c - 7 scrolls of identify
 d - a scroll of enchant weapon
 f - a scroll of magic mapping
 k - 4 scrolls of fear
 m - a scroll of fog
 q - 4 scrolls of teleportation
 w - 2 scrolls of remove curse
 x - a scroll of enchant armour
 C - 2 scrolls of random uselessness {unknown}
 K - a scroll of amnesia {unknown}
Potions
 h - 2 potions of curing
 n - a potion of agility {unknown}
 r - 2 potions of degeneration {unknown}
 t - 2 potions of lignification {unknown}
 v - a potion of heal wounds {unknown}
 z - a potion of mutation {unknown}
 A - 3 potions of poison {unknown}
 B - 3 potions of brilliance {unknown}
 D - 2 potions of ambrosia {unknown}
 E - 2 potions of haste {unknown}
 F - a potion of resistance {unknown}
 G - 2 potions of might {unknown}
 J - 2 potions of berserk rage {unknown}
Books
 H - a book of Hinderance

   Spells                             Type                      Level
   a - Confusing Touch                Hexes                        2
   b - Confuse                        Hexes                        3
   c - Gell's Gravitas                Hexes/Translocation          3
   d - Petrify                        Transmutation/Earth          4
   e - Metabolic Englaciation         Hexes/Ice                    5
Comestibles
 b - 11 bread rations
 g - 3 slices of pizza
 i - 5 meat rations
 l - 3 beef jerkies
 u - 7 fruits


   Skills:
 + Level 7.7 Fighting
 - Level 2.4 Dodging
 - Level 1.1 Stealth
 * Level 12.6 Unarmed Combat


You had 9 spell levels left.
You didn't know any spells.

Dungeon Overview and Level Annotations

Branches:
Dungeon (10/15)            Temple (1/1) D:4
   Lair: D:8-11         Orc: D:9-12

Altars:
Cheibriados
Dithmenos
Gozag
Kikubaaqudgha
Makhleb
Nemelex Xobeh
Okawaru
Qazlal
Ru
Trog
Vehumet
Zin
The Shining One

Shops:
D:7 }   D:8 }

Annotations:
D:10 Sonja


Innate Abilities, Weirdness & Mutations

You are too large for most types of armour.
You have claws for hands.
Your metabolism is lightning-fast.
You like to eat raw meat.
You heal very quickly.
You are covered in fur (AC +1).
You have very tough skin (AC +2).


Message History

You are more poisoned.
You have difficulty breathing.
You feel as though you will be slow longer.
Something hits you. Something shocks you.
* * * LOW HITPOINT WARNING * * *
* * * LOW HITPOINT WARNING * * *
You feel very sick.
Sonja shoots a curare-tipped needle.
The curare-tipped needle hits you.
You are more poisoned.
You have difficulty breathing.
* * * LOW HITPOINT WARNING * * *
You feel as though you will be slow longer.
There is a stone staircase leading up here.
You see here 2 curare-tipped needles.
* * * LOW HITPOINT WARNING * * *
You feel extremely sick. Something hits you.
* * * LOW HITPOINT WARNING * * *
Something shocks you.
You die...

...... ...%..
#...... ####
....... ###...
##......#
##....(##........
..........§....#.
.........@§......
....(....(.......
.......%.........
...[........K....
.......(.........
.................
.................
..............<..
.................


You could see Sonja.

Vanquished Creatures
  The ghost of Musteatbrain the Skirmisher, a novice DsFi (D:6)
  Grinder (D:3)
  A spriggan (D:7)
  A hungry ghost (D:8)
  A deep elf mage (D:9)
  A wyvern (D:8)
  2 hippogriffs
  An orc warrior (D:6)
  Duvessa (D:6)
  2 water moccasins (D:8)
  2 ice beasts (D:6)
  4 phantoms
  5 ogres
  A centaur (D:9)
  A sky beast (D:5)
  A giant frog (D:5)
  A big kobold (D:8)
  Dowan (D:6)
  2 scorpions
  An electric eel (D:8)
  3 wights (D:6)
  A centaur zombie (D:8)
  4 crimson imps
  A giant frog zombie (D:9)
  3 lava snakes (D:9)
  3 hounds
  A giant frog skeleton (D:7)
  3 orc priests
  6 orc wizards
  2 iguanas
  A jelly (D:6)
  Jessica (D:3)
  Terence (D:3)
  6 worker ants
  Natasha (thrice) (D:3)
  A hound zombie (D:5)
  8 adders
  6 gnolls
  A shadow imp (D:7)
  3 oozes
  An adder skeleton (D:4)
  An adder zombie (D:8)
  3 worms
  4 giant geckos
  26 orcs
  3 ball pythons
  6 bats
  9 giant cockroaches
  5 hobgoblins
  23 jackals
  5 quokkas
  4 giant newts
  6 goblins
  16 kobolds
  11 rats
  A plant (D:8)
213 creatures vanquished.

Vanquished Creatures (others)
  A plant (D:8)
1 creature vanquished.

Grand Total: 214 creatures vanquished

Notes
Turn   | Place    | Note
--------------------------------------------------------------
     0 | D:1      | Dickchan the Troll Monk began the quest for the Orb.
     0 | D:1      | Reached XP level 1. HP: 22/22 MP: 0/0
   152 | D:1      | Reached XP level 2. HP: 29/29 MP: 1/1
   648 | D:1      | Reached XP level 3. HP: 32/36 MP: 2/2
   813 | D:2      | Found an opulent altar of Gozag.
   813 | D:2      | Found a glowing silver altar of Zin.
   814 | D:2      | Found a shadowy altar of Dithmenos.
   815 | D:2      | Found a glowing golden altar of the Shining One.
   815 | D:2      | Found a sparkling altar of Nemelex Xobeh.
  1308 | D:2      | Reached skill level 5 in Unarmed Combat
  1595 | D:3      | Noticed Terence
  1601 | D:3      | Reached XP level 4. HP: 31/44 MP: 3/3
  1609 | D:3      | Noticed Natasha
  1609 | D:3      | Killed Terence
  1629 | D:3      | Killed Natasha
  1722 | D:3      | Noticed Natasha
  1726 | D:3      | Killed Natasha
  1726 | D:3      | Reached XP level 5. HP: 29/53 MP: 4/4
  1779 | D:3      | Noticed Jessica
  1783 | D:3      | Killed Jessica
  1868 | D:3      | Reached skill level 6 in Unarmed Combat
  1890 | D:3      | Noticed Natasha
  1898 | D:3      | Killed Natasha
  1933 | D:3      | Noticed Grinder
  1945 | D:3      | Paralysed by Grinder for 7 turns
  1977 | D:3      | Killed Grinder
  1977 | D:3      | Reached XP level 6. HP: 6/62 MP: 5/5
  2401 | D:4      | Reached skill level 7 in Unarmed Combat
  2456 | D:4      | Reached XP level 7. HP: 65/70 MP: 6/6
  2514 | D:4      | Found a staircase to the Ecumenical Temple.
  2962 | D:4      | Found an iron altar of Okawaru.
  3142 | D:5      | Entered Level 5 of the Dungeon
  3174 | D:5      | Reached skill level 8 in Unarmed Combat
  3442 | D:5      | Reached skill level 5 in Fighting
  3564 | D:5      | Reached XP level 8. HP: 72/80 MP: 7/7
  3991 | D:5      | Reached skill level 9 in Unarmed Combat
  4225 | D:6      | Noticed Musteatbrain's ghost (novice DsFi)
  4246 | D:6      | Killed Musteatbrain's ghost
  4246 | D:6      | Reached skill level 10 in Unarmed Combat
  4258 | D:6      | Found a sacrificial altar of Ru.
  4269 | D:6      | Noticed Dowan
  4273 | D:6      | Noticed Duvessa
  4285 | D:6      | Killed Duvessa
  4297 | D:6      | Killed Dowan
  4297 | D:6      | Reached XP level 9. HP: 58/89 MP: 8/8
  4781 | D:6      | Reached skill level 11 in Unarmed Combat
  5100 | D:7      | Found Lemidaon's Quality Used Wands.
  6191 | D:8      | Found Ushaefub's Gadget Emporium.
  6217 | D:8      | Reached skill level 12 in Unarmed Combat
  6438 | D:8      | Found a sparkling altar of Nemelex Xobeh.
  6826 | Temple   | Entered the Ecumenical Temple
  6912 | Temple   | Became a worshipper of Qazlal Stormbringer
  6912 | Temple   | Reached * piety under Qazlal
  6912 | Temple   | Reached ** piety under Qazlal
  7253 | D:9      | Reached XP level 10. HP: 95/102 MP: 9/9
  8262 | D:10     | Entered Level 10 of the Dungeon
  8266 | D:10     | Noticed Sonja
  8276 | D:10     | HP: 5/104 [something (5)]
  8276 | D:10     | Slain by a sky beast

Action                   |  1- 3 |  4- 6 |  7- 9 | 10-12 || total
-------------------------+-------+-------+-------+-------++-------
Melee: Unarmed           |   104 |   121 |   352 |    55 ||   632
Evoke: Wand              |       |       |       |     5 ||     5
  Use: Scroll            |       |       |       |    12 ||    12
 Stab: Sleeping          |     3 |     2 |     2 |       ||     7
       Distracted        |       |     1 |       |       ||     1
  Eat: Chunk             |    20 |     8 |    47 |     6 ||    81
